 Dungeon Crawl Stone Soup version 0.31.0-11-ge490571c62 (webtiles) character file.

Game seed: 17158639577991532116

82 qw the Shooter (level 4, -5/22 HPs)
             Began as a Spriggan Hunter on Feb 4, 2024.
             Slain by an ice beast (14 damage)
             ... on level 3 of the Dungeon.
             The game lasted 00:00:05 (1744 turns).

qw the Shooter (Spriggan Hunter)                    Turns: 1744, Time: 00:00:05

Health: -5/22      AC:  3    Str:  7    XL:     4   Next: 21%
Magic:  5/5        EV: 19    Int: 10    God:
Gold:   162        SH:  5    Dex: 20    Spells: 3/3 levels left

rFire   . . .        a - +1 shortbow (heavy)
rCold   . . .        (shield currently unavailable)
rNeg    . . .        c - +0 robe
rPois   .            (helmet restricted)
rElec   .            j - +0 cloak
rCorr   .            (gloves unavailable)
SInv    +            (boots unavailable)
Will    .....        g - amulet of reflection
Stlth   ++           (no ring)
HPRegen 0.23/turn    (no ring)
MPRegen 0.09/turn

%: reflection
@: very quick
A: very small, no large weapons, unfitting armour, see invisible, speed 3
a: no special abilities


You were on level 3 of the Dungeon.
You visited 1 branch of the dungeon, and saw 3 of its levels.

You collected 162 gold pieces.


Innate Abilities, Weirdness & Mutations

You are very small and have problems with some larger weapons.
You are too small for most types of armour.
You have supernaturally acute eyesight. (SInv)
You cover ground extremely quickly. (Speed+++)


   Skills:
 - Level 1.5 Fighting
 - Level 5.1 Ranged Weapons
 + Level 4.4 Dodging
 - Level 1.5 Stealth


You had 3 spell levels left.
You didn't know any spells.
Your spell library was empty.

Inventory:

Hand Weapons
 a - a +1 heavy shortbow (weapon)
Armour
 c - a +0 robe (worn)
 j - a +0 cloak (worn)
Jewellery
 d - a ring of fire
 g - an amulet of reflection (around neck)
Potions
 b - a potion of heal wounds
 e - a potion of curing
 f - a potion of degeneration {unknown}
 h - a potion of attraction {unknown}

Dungeon Overview and Level Annotations

Branches:
Dungeon (3/15)

Altars:


Message History

The arrow hits the kobold but does no damage.
The kobold is moderately wounded.
You shoot an arrow. The arrow hits the kobold!
You kill the kobold!
You shoot an arrow. The arrow hits the rat!
You kill the rat!
Things that are here:
a +0 short sword; 6 poisoned darts; a kobold corpse An orc comes into view.
It is wielding a +0 mace.
You see here a clear potion.
You shoot an arrow. The orc shouts!
The arrow hits the orc!
You kill the orc!
You hear a shout!
f - a clear potion An orc comes into view.
It is wielding a +0 club.
You shoot an arrow. The arrow hits the orc!
You kill the orc!
h - a fuming silvery potion You now have 154 gold pieces (gained 12).
Things that are here:
a +0 club; an orc corpse You now have 162 gold pieces (gained 8).
You see here a +0 mace.
Found an escape hatch in the floor.
Found a ring mail.
Found a ring mail.
An ice beast comes into view.
You shoot an arrow. The arrow hits the ice beast.
The ice beast is lightly wounded.
You shoot an arrow. The arrow hits the ice beast!
The ice beast is heavily wounded.
You shoot an arrow. The arrow hits the ice beast!
The ice beast is almost dead.
The ice beast hits you. The ice beast freezes you!
Ouch! That really hurt!
The ice beast hits you. The ice beast freezes you!
Ouch! That really hurt!
You die...

.# ..##########
# #..........# .
#......[..# ##
## . #.........#
#.#... .
#.........#
#..?... .
#.........##...#
.
#[.##.....@...#
#
#.....####Y#.##
##.>#### ..# #
##..## .###
#####...# ..
......### #.
###...# ..
###.### ## .##.#


You could see an ice beast.

Vanquished Creatures
  An adder (D:3)
  7 orcs (D:3)
  7 bats
  5 endoplasms
  2 giant cockroaches
  5 goblins
  5 hobgoblins (D:1)
  7 jackals
  2 quokkas (D:1)
  4 ball pythons
  2 frilled lizards (D:2)
  3 kobolds
  9 rats
59 creatures vanquished.

Notes
Turn   | Place    | Note
-------+----------+-------------------------------------------
     0 | D:1      | qw the Spriggan Hunter began the quest for the Orb.
     0 | D:1      | Reached XP level 1. HP: 10/10 MP: 2/2
     0 | D:1      | 0 ||| qw: Version: 0.3-a-160-g6735b56
     0 | D:1      | 0 ||| qw: Game counter: 4524
     0 | D:1      | 0 ||| qw: Melee chars always use a shield: true
     0 | D:1      | 0 ||| qw: God list: Okawaru
     0 | D:1      | 0 ||| qw: Allow faded altars: false
     0 | D:1      | 0 ||| qw: Do Orc after clearing Dungeon:15 true
     0 | D:1      | 0 ||| qw: Do second Lair branch before Depths: true
     0 | D:1      | 0 ||| qw: Lair rune preference: random
     0 | D:1      | 0 ||| qw: Goals: Normal
     0 | D:1      | 0 ||| PLANNING D:1-11
    36 | D:1      | Found a faded altar of an unknown god.
    83 | D:1      | HP: 1/10 [quokka (2)]
    87 | D:1      | Reached skill level 3 in Dodging
   178 | D:1      | Reached XP level 2. HP: 14/14 MP: 3/3
   232 | D:1      | 232 ||| RETREEEEATING.
   476 | D:1      | Reached XP level 3. HP: 18/18 MP: 4/4
   907 | D:1      | 907 ||| READING scroll labelled HADUTHRE MIFU.
  1008 | D:1      | 1008 ||| READING scroll labelled UQE LATAYSTRYWIYSE.
  1008 | D:1      | 1008 ||| IDENTIFYING puce potion
  1009 | D:1      | 1009 ||| READING scroll labelled OKHLOCZURIF.
  1009 | D:1      | 1009 ||| BRANDING +0 shortbow.
  1010 | D:1      | 1010 ||| DROPPING scroll of butterflies.
  1164 | D:2      | Identified the +2 spear of Revolt {venom, SInv}
  1557 | D:2      | 1557 ||| UPGRADING to +0 cloak.
  1562 | D:2      | 1562 ||| UPGRADING to amulet of reflection.
  1567 | D:2      | 1567 ||| READING scroll labelled ZYCZECWI FOSM.
  1567 | D:2      | 1567 ||| ENCHANTING +0 heavy shortbow.
  1568 | D:2      | 1568 ||| READING scroll labelled QETESHEAMEM.
  1571 | D:2      | 1571 ||| READING scroll labelled EMEIBOH POUJI.
  1572 | D:2      | 1572 ||| DRINKING 2 grey potions.
  1651 | D:3      | Reached skill level 5 in Ranged Weapons
  1651 | D:3      | Reached XP level 4. HP: 19/22 MP: 5/5
  1741 | D:3      | Noticed an ice beast
  1744 | D:3      | Slain by an ice beast

Levels and vault maps discovered:
D:1:      dpeg_arrival_court, layout_basic, hellmonk_ecumenical_altar_run_dry,
          chequers_arboretum
D:2:      layout_loops_ring
D:3:      layout_rooms, zin_treasury

Skill      XL: |  1  2  3 |
---------------+----------+-----
Dodging        | 3 4 |  4.4
Ranged Weapons | 5 |  5.1
Fighting       | |  1.5
Stealth        | |  1.5

Action                     |  1- 3 |  4- 6 || total
---------------------------+-------+-------++-------
   Fire: Shortbow          |   108 |    17 ||   125
    Use: Scroll            |     6 |       ||     6
         Potion            |     1 |       ||     1
 Armour: Robe              |    10 |     3 ||    13
  Dodge: Dodged            |    31 |     3 ||    34
  Block: Other             |     5 |       ||     5
         Reflection        |     1 |       ||     1

Table legend:
 A = Non-vault XP
 B = Vault XP
 C = Vault XP percentage of total XP
 D = Non-vault monster count
 E = Vault monster count
 F = Vault count percentage of total count
                 A         B        C        D         E       F
            +---------+---------+-------+---------+---------+-------
      Total |     118 |       0 |   0.0 |      59 |       0 |   0.0
            +---------+---------+-------+---------+---------+-------
        D:1 |      46 |       0 |   0.0 |      26 |       0 |   0.0
        D:2 |      19 |       0 |   0.0 |      13 |       0 |   0.0
        D:3 |      53 |       0 |   0.0 |      20 |       0 |   0.0
            +---------+---------+-------+---------+---------+-------
